 Seeded DCSS version 0.30-a0-242-g7bf8e6d787 (webtiles) character file.

Game seed: 11836800648259413034 (custom seed)

123463 hikkokomori the Fighter (level 16, -4/106 HPs)
             Began as a Tengu Air Elementalist on Oct 11, 2022.
             Was a High Priest of Okawaru.
             Slain by a tarantella (10 damage)
             ... on level 2 of the Spider Nest on Oct 12, 2022.
             The game lasted 01:56:58 (23914 turns).

hikkokomori the Fighter (Tengu Air Elementalist)   Turns: 23914, Time: 01:56:59

Health: -4/106     AC: 24    Str:  9    XL:     16   Next: 90%
Magic:  16/26      EV:  7    Int: 35    God:    Okawaru [*****.]
Gold:   2352       SH:  0    Dex: 13    Spells: 7/27 levels left

rFire   + . .      SeeInvis +    j - +9 double sword of an ossuary {vorpal, rElec rPois Dex-4 SInv}
rCold   + . .      Faith    .    e - +0 buckler
rNeg    . . .      Spirit   .    Z - +3 scale mail of the Iron City of Dis {rF+ rC+ Regen+ Slay+3}
rPois   +          Reflect  .    E - +1 hat
rElec   +          Harm     .    i - +2 cloak
rCorr   .          Rampage  .    p - +2 pair of gloves of the Other World {Will+ Int+6}
Will    ++...                    (boots unavailable)
Stlth   +.........               y - amulet of magic regeneration
HPRegen 1.17/turn                n - +4 ring of protection
MPRegen 0.60/turn                z - +6 ring of intelligence

@: flying quickly and evasively, held, slowed, very slow
A: beak, talons 3, nimble flight, clever 1
a: Renounce Religion, Heroism, Finesse, Duel


You were on level 2 of the Spider Nest.
You worshipped Okawaru.
Okawaru was extremely pleased with you.
You visited 5 branches of the dungeon, and saw 25 of its levels.
You visited the Abyss 1 time.
You also visited: Sewer.

You collected 3476 gold pieces.
You spent 1124 gold pieces at shops.

Inventory:

Hand Weapons
 j - the +9 double sword of an ossuary (weapon) {vorpal, rElec rPois Dex-4 SInv}
   (You acquired it on level 1 of the Dungeon)

   It inflicts extra damage upon your enemies.
   Dex:       It affects your dexterity (-4).
   rElec:     It insulates you from electricity.
   rPois:     It protects you from poison.
   SInv:      It lets you see invisible.
 r - a +5 vampiric double sword
 P - the +9 falchion "Tengu's Bane" {freeze, rN+ Will++ Str+3 Int+3}
   (You found it on level 10 of the Dungeon)

   It freezes those it strikes, dealing additional cold damage.
   It can also slow down cold-blooded creatures.
   Str:       It affects your strength (+3).
   Int:       It affects your intelligence (+3).
   rN:        It protects you from negative energy.
   Will:      It greatly increases your willpower.
 Q - the +3 demon blade "Suoz" {pain, rC+ rN+ Str+7}
   (Okawaru gifted it to you on level 3 of the Lair of Beasts)

   In the hands of one skilled in necromantic magic, it inflicts extra damage on
   living creatures.
   Str:       It affects your strength (+7).
   rC:        It protects you from cold.
   rN:        It protects you from negative energy.
Missiles
 J - 5 throwing nets
 Y - 4 curare-tipped darts
Armour
 e - a +0 buckler (worn)
 f - a scarf of harm
 i - a +2 cloak (worn)
 m - a scarf of shadows
 p - the +2 pair of gloves of the Other World (worn) {Will+ Int+6}
   (Okawaru gifted it to you on level 15 of the Dungeon)

   Int:       It affects your intelligence (+6).
   Will:      It increases your willpower.
 D - the +0 crystal plate armour of the Growing Gods {rF+ rC+ Regen+}
   (Okawaru gifted it to you on level 1 of the Lair of Beasts)

   rF:        It protects you from fire.
   rC:        It protects you from cold.
   Regen:     It increases your rate of health regeneration.
 E - a +1 hat (worn)
 O - +0 acid dragon scales
 X - the +4 ring mail of the Gloaming {Regen+ rCorr Str+3 Stlth+}
   (You found it on level 5 of the Lair of Beasts)

   Str:       It affects your strength (+3).
   Regen:     It increases your rate of health regeneration.
   rCorr:     It protects you from acid and corrosion.
   Stlth:     It makes you more stealthy.
 Z - the +3 scale mail of the Iron City of Dis (worn) {rF+ rC+ Regen+ Slay+3}
   (Okawaru gifted it to you on level 14 of the Dungeon)

   Slay:      It affects your accuracy & damage with ranged weapons and melee
   (+3).
   rF:        It protects you from fire.
   rC:        It protects you from cold.
   Regen:     It increases your rate of health regeneration.
Jewellery
 d - a +6 ring of intelligence
 k - an amulet of regeneration
 n - a +4 ring of protection (left hand)
 y - an amulet of magic regeneration (around neck)
 z - a +6 ring of intelligence (right hand)
 G - a +6 ring of strength
 L - a ring of protection from cold
 N - a ring of positive energy
 V - a ring of protection from fire
Wands
 g - a wand of digging (4)
 F - a wand of light (6)
 I - a wand of paralysis (23)
 K - a wand of roots (11)
 M - a wand of flame (22)
 W - a wand of polymorph (14)
Scrolls
 u - 3 scrolls of enchant weapon
 w - a scroll of silence
 A - 6 scrolls of enchant armour
 B - 3 scrolls of blinking
 C - 2 scrolls of identify
 H - 6 scrolls of teleportation
 S - 3 scrolls of amnesia
 T - 2 scrolls of fear
Potions
 a - 2 potions of attraction
 b - a potion of magic
 c - 7 potions of brilliance
 h - 9 potions of heal wounds
 l - 9 potions of curing
 o - a potion of invisibility
 q - 3 potions of might
 s - 2 potions of lignification
 t - 2 potions of berserk rage
 v - 4 potions of haste
 x - 13 potions of mutation
 R - 8 potions of ambrosia


   Skills:
 - Level 14.0 Fighting
 + Level 11.8 Long Blades
 + Level 11.1 Armour
 - Level 12.1 Dodging
 - Level 5.0 Stealth
 - Level 7.2 Shields
 - Level 6.2 Spellcasting
 + Level 10.2 Conjurations
 - Level 4.7 Translocations
 + Level 13.4 Air Magic
 - Level 9.2 Invocations


You had 7 spell levels left.
You knew the following spells:

 Your Spells              Type           Power      Damage    Failure   Level
a - Arcjolt               Conj/Air       38%        1d48      4%          5
b - Swiftness             Air            81%        N/A       1%          3
c - Vhi's Electric Charg  Tloc/Air       100%       N/A       1%          3
d - Airstrike             Air            40%        2d(6-22)  1%          4
e - Lightning Bolt        Conj/Air       38%        1d56      4%          5

Your spell library contained the following spells:

 Spells                   Type           Power      Damage    Failure   Level
 Shock                    Conj/Air       100%       1d9       1%          1
 Static Discharge         Conj/Air       100%       2-7/arc   1%          2
 Hailstorm                Conj/Ice       46%        3d11      9%          3
 Stone Arrow              Conj/Erth      92%        3d12      9%          3
 Iskenderun's Battlesphe  Conj           70%        2d12      10%         5
 Freeze                   Ice            40%        1d6       24%         1
 Sandblast                Erth           20%        2d7       24%         1
 Slow                     Hex            40%        N/A       24%         1
 Conjure Ball Lightning   Conj/Air       38%        3x3d12    28%         6
 Manifold Assault         Tloc           44%        N/A       32%         4
 Passage of Golubria      Tloc           44%        N/A       32%         4
 Passwall                 Tmut/Erth      8%         N/A       34%         2
 Sublimation of Blood     Necr           10%        N/A       34%         2
 Confusing Touch          Hex            10%        N/A       56%         3
 Frozen Ramparts          Ice            20%        1d4       56%         3
 Vampiric Draining        Necr           10%        2d6       56%         3
 Fireball                 Conj/Fire      23%        3d11      61%         5
 Irradiate                Conj/Tmut      23%        3d19      61%         5
 Anguish                  Hex/Necr       5%         N/A       93%         4
 Cause Fear               Hex            5%         N/A       93%         4
 Leda's Liquefaction      Hex/Erth       5%         N/A       93%         4
 Petrify                  Tmut/Erth      10%        N/A       93%         4
 Orb of Destruction       Conj           35%        9d10      96%         7
 Dispersal                Tloc           22%        N/A       99%         6
 Blade Hands              Tmut           5%         N/A       100%        5
 Lee's Rapid Deconstruct  Erth           5%         3d7*      100%        5
 Yara's Violent Unravell  Hex/Tmut       5%         3d4       100%        5
 Statue Form              Tmut/Erth      6%         N/A       100%        6
 Dragon Form              Tmut           5%         N/A       100%        7
 Enfeeble                 Hex            5%         N/A       100%        7
 Disjunction              Tloc           22%        N/A       100%        8
 Tukima's Dance           Hex            Unusable   N/A       N/A         3
 Dragon's Call            Summ           Unusable   N/A       N/A         9

Dungeon Overview and Level Annotations

Branches:
Dungeon (15/15)            Temple (1/1) D:6            Lair (5/5) D:9
 Shoals (0/4) Lair:2       Spider (2/4) Lair:2        Slime (0/5) Lair:5
    Orc (2/2) D:10            Elf (0/3) Orc:2        Vaults (0/5) D:14
 Depths (0/4) D:15          Sewer (visited)

Altars:
Ashenzari
Cheibriados
Dithmenos
Elyvilon
Fedhas
Gozag
Hepliaklqana
Kikubaaqudgha
Makhleb
Nemelex Xobeh
Okawaru
Qazlal
Ru
Sif Muna
Trog
Uskayaw
Vehumet
Wu Jian
Xom
Yredelemnul
Zin
The Shining One
Jiyva

Shops:
Orc:1 !   Orc:2 [[:=!

Annotations:
Spider:2 Frances


Innate Abilities, Weirdness & Mutations

You have a beak for a mouth.
You have claws for feet.
Your magical nature lets you fly swiftly and evasively.
Your mind is acute. (Int +4, Str/Dex -1)


Message History

Unknown command.
Okay, then.
The spark wasp attacks as you move away!
The spark wasp completely misses you.
You feel sick. The tarantella closely misses you.
The jumping spider closely misses you. You block the jumping spider's attack.
A human comes into view.
The tarantella touches you but does no damage.
The spark wasp stings you but does no damage.
The jumping spider pounces on you!
* * * LOW HITPOINT WARNING * * *
You are caught in a web!
The jumping spider bites you.
* * * LOW HITPOINT WARNING * * *
There is a web, spattered with blood here.
You struggle to detach yourself from the web.
You feel sick.
The spark wasp stings you but does no damage.
The tarantella closely misses you.
The jumping spider pounces on you but does no damage.
The jumping spider bites you but does no damage.
The tarantella touches you but does no damage.
The spark wasp stings you but does no damage.
The jumping spider pounces on you but does no damage.
The jumping spider bites you but does no damage.
You feel better. The tarantella closely misses you. The spark wasp stings you.
* * * LOW HITPOINT WARNING * * *
The spark wasp shocks you. You resist.
* * * LOW HITPOINT WARNING * * *
The jumping spider pounces on you but does no damage.
The jumping spider bites you but does no damage.
The tarantella touches you but does no damage.
The spark wasp stings you.
* * * LOW HITPOINT WARNING * * *
The spark wasp shocks you. You resist.
* * * LOW HITPOINT WARNING * * *
The jumping spider pounces on you but does no damage.
The jumping spider bites you.
* * * LOW HITPOINT WARNING * * *
The tarantella touches you!
You die...

..## #....##
.#.##..#####..# #.
....#..#^#.#..## ..#
#..##..#.......#.. ....
... #..#^.#..###..
#...###.. ##....##..#
.. #..#..#
#......#####..
#....####....##.#.#..
#^.s@#^#..#.##..#...#
..####ysp..####...#..##
.....##[....####..#..3s
.......p######.#....#ss
.#.#....#. #.....####
####...$.###..#..#
.........s.####
..##h^...###
.^##..#...^


You could see a spark wasp, 2 humans, a jumping spider and a tarantella.

Vanquished Creatures
  Saint Roka (Orc:2)
  Arachne (Spider:2)
  Kirke (Arena)
  Agnes (D:14)
  Donald (Spider:2)
  An emperor scorpion (Spider:1)
  2 orc warlords
  A broodmother (Spider:1)
  2 entropy weavers
  2 ettins
  Josephine (D:12)
  Erolcha (D:9)
  6 hydras
  A jorogumo (Spider:1)
  An ogre mage (D:15)
  13 two-headed ogres
  3 boulder beetles
  2 radroaches (Spider:1)
  A centaur warrior (D:14)
  2 dancing weapons (D:14)
  2 tengu warriors
  2 orc high priests (Orc:2)
  2 thrashing horrors (Abyss:3)
  Amaemon (Lair:2)
  Sonja (Lair:2)
  A wretched star (Abyss:3)
  A pharaoh ant (Spider:2)
  2 steelbarb worms
  A sea snake (shapeshifter) (D:14)
  2 deep trolls (D:15)
  2 wizards (D:15)
  A lindwurm (Lair:5)
  2 orb spiders (Spider:1)
  A deep elf pyromancer (D:14)
  6 orc knights
  8 wolf spiders
  A manticore (D:15)
  3 orc sorcerers (Orc:2)
  10 ugly things
  5 cyclopes
  A merfolk siren (Lair:2)
  Maurice (D:11)
  Joseph (D:9)
  An ice statue (D:14)
  A guardian serpent (Lair:5)
  A moth of wrath (Spider:1)
  10 black mambas
  2 elephants
  2 torpor snails (Lair:3)
  16 cane toads
  An orange demon (Lair:2)
  Maggie (Lair:2)
  9 komodo dragons
  9 gargoyles
  A freezing wraith (D:14)
  6 ice devils (D:14)
  5 rime drakes
  A hellwing (Abyss:3)
  2 unseen horrors
  A queen bee (D:10)
  2 hornets (Lair:5)
  5 polar bears
  6 meliai
  12 blink frogs
  7 trolls
  Grinder (D:6)
  4 tarantellas
  7 slime creatures
  A raiju (shapeshifter) (D:15)
  7 saltlings (Orc:2)
  12 dream sheep
  3 jumping spiders
  A culicivora (shapeshifter) (D:15)
  10 wraiths
  6 culicivoras (Spider:1)
  A ynoxinul (Abyss:3)
  77 yaks
  A shadow (D:13)
  A human (Spider:2)
  15 wyverns
  2 vampire mosquitoes (D:13)
  2 hogs (Spider:2)
  23 redbacks
  5 basilisks
  4 steam dragons
  Menkaure (D:6)
  4 wargs
  2 acid dragons
  Edmund (D:6)
  A small abomination (Abyss:3)
  Duvessa (D:4)
  Pargi (Sewer)
  23 water moccasins
  27 orc warriors
  5 sky beasts
  2 black bears
  3 ice beasts
  8 centaurs
  7 ogres
  6 wolves
  4 necrophages
  5 scorpions
  4 gnoll sergeants
  15 bullfrogs
  10 wights
  Dowan (D:4)
  24 killer bees (D:10)
  5 howler monkeys
  5 electric eels
  2 jellies
  27 orc priests
  A gnoll bouda (D:6)
  5 hounds
  4 iguanas
  20 orc wizards
  Robin (D:2)
  21 gnolls
  10 adders
  12 ufetubi
  A worm (D:2)
  3 dart slugs
  100 orcs
  7 endoplasms
  A giant cockroach (D:1)
  14 goblins
  7 hobgoblins
  A jackal (D:5)
  A quokka (D:1)
  9 ball pythons
  14 bats
  2 frilled lizards (D:1)
  4 kobolds
  14 rats
  A pillar of salt (Orc:2)
832 creatures vanquished.

Vanquished Creatures (others)
  26 fungi
  6 pillars of salt (Orc:2)
  63 plants
95 creatures vanquished.

Grand Total: 927 creatures vanquished

Notes
Turn   | Place    | Note
-------+----------+-------------------------------------------
     0 | D:1      | hikkokomori the Tengu Air Elementalist began the quest for
                  | the Orb.
     0 | D:1      | Reached XP level 1. HP: 10/10 MP: 4/4
   178 | D:1      | Reached XP level 2. HP: 16/16 MP: 3/6
   249 | D:1      | Reached skill level 1 in Fighting
   562 | D:1      | Reached XP level 3. HP: 16/20 MP: 7/7
   588 | D:1      | Found a faded altar of an unknown god.
   615 | D:2      | Identified 3 scrolls of acquirement
   615 | D:2      | Acquired an amulet of regeneration
   628 | D:2      | Noticed Robin
   657 | D:1      | Acquired 1214 gold pieces
   659 | D:1      | Acquired the +9 double sword of an ossuary {vorpal, rElec
                  | rPois Dex-4 SInv}
   666 | D:1      | Learned a level 3 spell: Swiftness
   762 | D:2      | Killed Robin
   763 | D:2      | Reached XP level 4. HP: 26/26 MP: 6/8
   810 | D:2      | Reached skill level 1 in Long Blades
   821 | D:2      | Reached skill level 5 in Air Magic
   906 | D:2      | Reached skill level 2 in Fighting
  1421 | D:3      | Identified the +1 robe of Action {-Cast rF+ Str+7}
  1506 | D:3      | Found a burning altar of Makhleb.
  1653 | D:4      | Gained mutation: Your magical nature lets you fly swiftly
                  | and evasively. [Tengu growth]
  1653 | D:4      | Reached XP level 5. HP: 17/31 MP: 9/9
  1666 | D:4      | Found an opulent altar of Gozag.
  1906 | D:4      | Found a glowing drain.
  1914 | Sewer    | Entered a sewer
  1952 | Sewer    | Noticed Pargi
  1967 | Sewer    | Killed Pargi
  1968 | Sewer    | Reached skill level 3 in Fighting
  1968 | Sewer    | Reached XP level 6. HP: 35/37 MP: 10/10
  2249 | D:4      | Noticed Dowan
  2251 | D:4      | Noticed Duvessa
  2257 | D:4      | Killed Duvessa
  2258 | D:4      | Reached XP level 7. HP: 34/42 MP: 11/11
  2259 | D:4      | Killed Dowan
  2260 | D:4      | Reached skill level 4 in Fighting
  2355 | D:4      | Learned a level 3 spell: Vhi's Electric Charge
  2364 | D:5      | Entered Level 5 of the Dungeon
  2366 | D:5      | Noticed a yak
  2438 | D:4      | Killed a yak
  2439 | D:4      | Reached skill level 5 in Fighting
  2439 | D:4      | Reached skill level 5 in Long Blades
  2483 | D:5      | Reached XP level 8. HP: 49/49 MP: 12/12
  2571 | D:5      | Reached skill level 6 in Fighting
  2953 | D:5      | Found a blossoming altar of Fedhas.
  3081 | D:6      | Found a basalt altar of Yredelemnul.
  3145 | D:6      | Noticed Grinder
  3146 | D:6      | Paralysed by Grinder for 3 turns
  3147 | D:6      | Noticed Menkaure
  3156 | D:6      | Reached skill level 7 in Fighting
  3156 | D:6      | Reached skill level 1 in Shields
  3156 | D:6      | Reached XP level 9. HP: 49/57 MP: 13/13
  3159 | D:6      | Killed Menkaure
  3171 | D:6      | Killed Grinder
  3230 | D:6      | Found a staircase to the Ecumenical Temple.
  3243 | Temple   | Entered the Ecumenical Temple
  3509 | Temple   | Became a worshipper of Warmaster Okawaru
  3626 | D:6      | Noticed Edmund
  3634 | D:6      | Killed Edmund
  3662 | D:6      | Found a stormy altar of Qazlal.
  3693 | D:6      | Found a shadowy altar of Dithmenos.
  3702 | D:6      | Reached skill level 8 in Fighting
  3732 | D:6      | Reached * piety under Okawaru
  4222 | D:7      | Reached XP level 10. HP: 49/65 MP: 14/14
  4251 | D:7      | Reached skill level 5 in Shields
  4309 | D:7      | Reached ** piety under Okawaru
  4758 | D:8      | Reached skill level 9 in Fighting
  5055 | D:8      | Reached skill level 10 in Long Blades
  5056 | D:8      | Reached *** piety under Okawaru
  5779 | D:9      | HP: 1/68 [acid dragon/splash of acid (25)]
  5911 | D:9      | Reached **** piety under Okawaru
  5917 | D:9      | Reached XP level 11. HP: 61/72 MP: 15/15
  5954 | D:9      | Reached skill level 10 in Fighting
  6000 | D:9      | Reached skill level 1 in Invocations
  6051 | D:9      | Reached ***** piety under Okawaru
  6161 | D:9      | Found a shimmering altar of Xom.
  6161 | D:9      | Noticed Erolcha
  6178 | D:10     | Entered Level 10 of the Dungeon
  6264 | D:10     | Identified the +9 falchion "Tengu's Bane" {freeze, rN+
                  | Will++ Str+3 Int+3}
  6488 | D:10     | Found a staircase to the Orcish Mines.
  6697 | D:10     | Reached skill level 1 in Armour
  6770 | D:10     | Received a gift from Okawaru
  7100 | D:10     | Found a hazy altar of Hepliaklqana.
  7272 | D:9      | Killed Erolcha
  7286 | D:9      | Found a glowing silver altar of Zin.
  7405 | D:9      | Noticed Joseph
  7407 | D:9      | Found a staircase to the Lair.
  7411 | D:9      | Killed Joseph
  7412 | D:9      | Reached XP level 12. HP: 75/79 MP: 16/16
  7425 | D:9      | Reached skill level 5 in Dodging
  7425 | D:9      | Reached skill level 5 in Invocations
  7786 | Lair:1   | Entered Level 1 of the Lair of Beasts
  7799 | Lair:1   | Reached skill level 5 in Armour
  7835 | Lair:1   | Reached ****** piety under Okawaru
  8467 | Lair:1   | Identified the +0 crystal plate armour of the Growing Gods
                  | {rF+ rC+ Regen+} (Okawaru gifted it to you on level 1 of
                  | the Lair of Beasts)
  8467 | Lair:1   | Received a gift from Okawaru
  9050 | Lair:2   | Noticed Sonja
  9054 | Lair:2   | Killed Sonja
  9102 | Lair:1   | Reached XP level 13. HP: 79/83 MP: 14/19
  9170 | Lair:2   | Reached skill level 5 in Stealth
  9320 | Lair:1   | Learned a level 4 spell: Airstrike
  9575 | Lair:2   | Found a hole to the Spider Nest.
  9739 | Lair:2   | Noticed Maggie
  9745 | Lair:2   | Killed Maggie
  9866 | Lair:2   | Noticed Amaemon
  9875 | Lair:2   | Killed Amaemon
 10203 | Lair:2   | Found a staircase to the Shoals.
 10534 | Lair:3   | Identified the +3 demon blade "Suoz" {pain, rC+ rN+ Str+7}
                  | (Okawaru gifted it to you on level 3 of the Lair of Beasts)
 10534 | Lair:3   | Received a gift from Okawaru
 11068 | Lair:3   | Reached skill level 10 in Air Magic
 11689 | Lair:4   | Reached skill level 1 in Translocations
 11695 | Lair:4   | Received a gift from Okawaru
 11836 | Lair:4   | Reached skill level 11 in Fighting
 12563 | Lair:5   | Entered Level 5 of the Lair of Beasts
 12620 | Lair:5   | Identified the +4 ring mail of the Gloaming {Regen+ rCorr
                  | Str+3 Stlth+}
 12659 | Lair:5   | Found a viscous altar of Jiyva.
 12660 | Lair:5   | Found a staircase to the Slime Pits.
 12782 | Lair:5   | Reached XP level 14. HP: 90/90 MP: 21/21
 13232 | Lair:5   | Paralysed by a hornet for 2 turns
 13236 | Lair:5   | Paralysed by a hornet for 1 turns
 13760 | Lair:5   | Received a gift from Okawaru
 13761 | Lair:5   | Reached skill level 12 in Fighting
 13847 | Lair:5   | Upgraded the game from 0.30-a0-241-g1121274140 to
                  | 0.30-a0-242-g7bf8e6d787
 14224 | Lair:5   | Identified the +1 scale mail "Teogof" {Will+ Dex-3 Stlth+}
                  | (Okawaru gifted it to you on level 5 of the Lair of Beasts)
 14224 | Lair:5   | Received a gift from Okawaru
 14631 | D:11     | Noticed Maurice
 14638 | D:11     | Killed Maurice
 15198 | D:11     | Learned a level 5 spell: Lightning Bolt
 15301 | D:12     | Identified the +1 leather armour of Time Monsters {Dex+3
                  | SInv}
 15307 | D:12     | You are sucked into a shaft and drop 2 floors!
 15976 | D:12     | Reached XP level 15. HP: 73/97 MP: 22/22
 16194 | D:12     | Received a gift from Okawaru
 16370 | D:12     | Noticed Josephine
 16376 | D:12     | Killed Josephine
 16764 | D:12     | You are sucked into a shaft and drop 2 floors!
 16965 | D:14     | Found an opulent altar of Gozag.
 16966 | D:14     | Found an opulent altar of Gozag.
 16970 | D:14     | Found an opulent altar of Gozag.
 16976 | D:14     | Found an opulent altar of Gozag.
 17169 | D:14     | Reached skill level 10 in Dodging
 17206 | D:14     | Identified the +3 scale mail of the Iron City of Dis {rF+
                  | rC+ Regen+ Slay+3} (Okawaru gifted it to you on level 14 of
                  | the Dungeon)
 17206 | D:14     | Received a gift from Okawaru
 17319 | D:14     | Noticed Agnes
 17468 | D:15     | Entered Level 15 of the Dungeon
 17488 | D:14     | Found a gate to the Vaults.
 17640 | D:14     | Reached skill level 10 in Armour
 17656 | D:14     | Killed Agnes
 18621 | D:15     | Reached skill level 5 in Conjurations
 19104 | D:15     | Identified the +2 pair of gloves of the Other World {Will+
                  | Int+6} (Okawaru gifted it to you on level 15 of the
                  | Dungeon)
 19104 | D:15     | Received a gift from Okawaru
 19542 | D:15     | Found a staircase to the Depths.
 19681 | Orc:1    | Entered Level 1 of the Orcish Mines
 19796 | Orc:1    | Noticed an orc warlord
 19831 | Orc:1    | Found Vayd's Distillery.
 19840 | Orc:2    | Entered Level 2 of the Orcish Mines
 19942 | Orc:2    | Learned a level 5 spell: Arcjolt
 20040 | Orc:2    | Found a staircase to the Elven Halls.
 20085 | Orc:2    | Noticed Saint Roka
 20126 | Orc:2    | Killed Saint Roka
 20127 | Orc:2    | Reached skill level 13 in Fighting
 20127 | Orc:2    | Reached XP level 16. HP: 23/104 MP: 4/23
 20278 | Orc:2    | Found Letyisez's Distillery.
 20306 | Orc:2    | Bought a potion of mutation for 96 gold pieces
 20306 | Orc:2    | Bought a potion of heal wounds for 60 gold pieces
 20306 | Orc:2    | Bought a potion of curing for 36 gold pieces
 20306 | Orc:2    | Bought 2 potions of haste for 240 gold pieces
 20306 | Orc:2    | Bought a potion of mutation for 96 gold pieces
 20306 | Orc:2    | Bought a potion of brilliance for 48 gold pieces
 20601 | Orc:2    | Found Zaraebra's Antique Armour Boutique.
 20606 | Orc:2    | Found Fytwuhyu's Armour Boutique.
 20634 | Orc:2    | Bought a colourful robe for 171 gold pieces
 20634 | Orc:2    | Identified the +1 robe of Xoytyfen {Will+} (You bought it
                  | in a shop on level 2 of the Orcish Mines)
 20745 | Orc:2    | Found Efikup's Book Shop.
 21197 | Orc:2    | Found Dainnaemohumn's Jewellery Shoppe.
 21311 | Abyss:3  | Cast into level 3 of the Abyss (orc warlord)
 21347 | Abyss:3  | Found a bloodstained altar of Trog.
 21425 | Abyss:3  | Reached skill level 5 in Spellcasting
 21477 | Abyss:3  | Received a gift from Okawaru
 21491 | Abyss:3  | Found a corrupted altar of Lugonu.
 21502 | Orc:1    | Escaped the Abyss
 21556 | Orc:1    | Bought a potion of mutation for 104 gold pieces
 21556 | Orc:1    | Bought a potion of might for 52 gold pieces
 21556 | Orc:1    | Bought a potion of berserk rage for 65 gold pieces
 21556 | Orc:1    | Bought a potion of heal wounds for 65 gold pieces
 21556 | Orc:1    | Bought a potion of curing for 39 gold pieces
 21556 | Orc:1    | Bought a potion of might for 52 gold pieces
 21885 | Spider:1 | Entered Level 1 of the Spider Nest
 22704 | Spider:1 | HP: 1/105 [radroach (39)]
 22706 | Spider:1 | Gained mutation: Your mind is acute. (Int +4, Str/Dex -1)
                  | [mutagenic glow]
 22971 | Spider:1 | Reached skill level 14 in Fighting
 23739 | Spider:2 | Noticed Donald
 23741 | Spider:2 | Noticed Arachne
 23743 | Spider:2 | Killed Donald
 23762 | Spider:2 | Killed Arachne
 23763 | Spider:2 | Reached skill level 10 in Conjurations
 23766 | Spider:2 | Noticed Frances
 23879 | Spider:2 | Received a gift from Okawaru
 23882 | Spider:2 | Noticed Kirke
 23886 | Spider:2 | Noticed a sphinx
 23889 | Arena    | Entered the Arena
 23893 | Arena    | Killed Kirke
 23914 | Spider:2 | Slain by a tarantella

Illustrated notes

Levels and vault maps discovered:
D:1:      minmay_arrival_nine_rooms, layout_rooms,
          dreamdust_ecumenical_altar_hidden_monk_grotto
D:2:      layout_loops_ring, minmay_strange_pillars, uniq_robin
D:3:      layout_basic, lightli_temple_of_fire
D:4:      layout_basic, mainiacjoe_overflow_cross_hatched, portal_sewer_entry_e,
          uniq_duvessa
D:5:      cheibrodos_fzero, layout_rooms, mainiacjoe_overflow_alcove_2
D:6:      layout_loops_cross, mainiacjoe_overflow_catch_the_wave,
          yredelemnul_altar_generic, minmay_temple_entry_gardened_gates,
          serial_aquarium, aquarium_bridge_square [aquarium_subvault_bridge,
          aquarium_subvault_window, aquarium_subvault_bridge,
          aquarium_subvault_bridge], aquarium_window_1, aquarium_window_corner,
          aquarium_window_corner, aquarium_view_2a, aquarium_balcony_1b,
          uniq_menkaure, uniq_grinder, uniq_edmund
D:7:      kennysheep_six_static_rooms, layout_basic
D:8:      layout_layer_cave
D:9:      cheibrodos_statue_roulette, layout_basic,
          mainiacjoe_overflow_small_starburst, nicolae_overflow_crystal_walls,
          david_lair_generic, corexii_leaking_fountain, roderic_serpentine_path,
          uniq_joseph, uniq_erolcha
D:10:     layout_roguey [special_room_bee], mainiacjoe_overflow_alcove_4,
          erik_orc_2, lightli_orcish_oven
D:11:     layout_rooms, uniq_maurice
D:12:     layout_loops_cross, uniq_josephine
D:13:     layout_gridville
D:14:     cheibrodos_frozen_isle, layout_basic, erik_vaults_1,
          nicolae_gozag_conspicuous_consumption, patterned_corridor, uniq_agnes
D:15:     hangedman_depths_entry_civil_slaughter, layout_irregular_city,
          minmay_misc_feat_ornament
Temple:   oiseaux_autumnal_temple
Lair:1:   layout_small_grid, wad_woods_river_01, serial_bayou_shore_b,
          grunt_megastairs_5
Lair:2:   layout_gridlike, elwin_shoals_entry_rooms, spider_nest_entry_rubble,
          minivault_26, grunt_megastairs_3, uniq_sonja, uniq_amaemon,
          uniq_maggie
Lair:3:   layout_cave_pods, beast_lair_carwin_5
Lair:4:   layout_hall_layers, columned_hall_lemuel, serial_bayou_ford_a,
          serial_bayou_shore_b, serial_bayou_shore_b
Lair:5:   hangedman_lair_tendril_chambers, layout_regular_city,
          nicolae_slime_entry_slimehenge
Spider:1: layout_chambers
Spider:2: layout_spider_delve, uniq_arachne, uniq_kirke, uniq_donald,
          uniq_frances
Orc:1:    layout_caves, serial_shops, shop
Orc:2:    hellmonk_orc_salted, layout_caves, serial_shops, shop_fountains,
          minmay_orc_temple_c, uniq_saint_roka

Skill      XL: |  1  2  3  4  5  6  7  8  9 10 11 12 13 14 15 16 |
---------------+-------------------------------------------------+-----
Conjurations   | 2 4 6 10 | 10.2
Fighting       | 1 2 3 5 7 8 9 10 11 12 13 14 | 14.0
Long Blades    | 1 3 5 7 9 10 11 | 11.8
Air Magic      | 5 6 7 10 13 | 13.4
Shields        | 1 4 7 |  7.2
Invocations    | 4 6 9 |  9.2
Armour         | 4 7 8 10 11 | 11.1
Dodging        | 4 7 8 11 12 | 12.1
Stealth        | 4 5 |  5.0
Translocations | 2 4 |  4.7
Spellcasting   | 3 6 |  6.2

Action                   |  1- 3 |  4- 6 |  7- 9 | 10-12 | 13-15 | 16-18 || total
-------------------------+-------+-------+-------+-------+-------+-------++-------
Melee: Unarmed           |     5 |       |       |       |       |       ||     5
       Kick              |     7 |    14 |    22 |   147 |   387 |   126 ||   703
       Peck              |     4 |     8 |    26 |    94 |   250 |    74 ||   456
       Spear             |    36 |       |       |       |       |       ||    36
       Double sword      |     5 |   108 |   150 |   545 |  1041 |   314 ||  2163
       Falchion          |       |       |       |     9 |       |       ||     9
       Scimitar          |       |       |       |       |     7 |       ||     7
       Demon blade       |       |       |       |       |    24 |       ||    24
Throw: Dart              |       |       |       |       |     1 |       ||     1
 Cast: Shock             |    22 |       |       |       |     3 |       ||    25
       Vhi's Electric Ch |       |       |       |     3 |     5 |     4 ||    12
       Airstrike         |       |       |       |       |    48 |     5 ||    53
       Lightning Bolt    |       |       |       |       |    40 |    21 ||    61
       Arcjolt           |       |       |       |       |     3 |    15 ||    18
       Swiftness         |       |       |       |       |     2 |       ||     2
Invok: Heroism           |       |       |       |     4 |     4 |     4 ||    12
       Finesse           |       |       |       |     1 |     1 |     1 ||     3
       Duel              |       |       |       |       |       |     1 ||     1
Evoke: Wand              |       |       |       |     1 |    16 |       ||    17
  Use: Scroll            |     3 |     2 |     1 |     8 |    18 |     6 ||    38
       Potion            |       |       |       |     2 |     7 |     3 ||    12
 Stab: Sleeping          |     4 |     2 |     2 |     3 |    17 |     1 ||    29
       Invisible         |       |       |       |       |     1 |       ||     1
       Distracted        |       |       |       |       |       |     1 ||     1
Armor: Robe              |     5 |    58 |    47 |       |       |       ||   110
       Ring mail         |       |     8 |       |       |   318 |    25 ||   351
       Steam dragon scal |       |       |     5 |    31 |       |       ||    36
       Acid dragon scale |       |       |       |   110 |   103 |       ||   213
       Crystal plate arm |       |       |       |     2 |       |       ||     2
       Scale mail        |       |       |       |       |     1 |   166 ||   167
Dodge: Dodged            |    28 |   124 |   114 |   320 |   834 |   254 ||  1674
Block: Buckler           |       |    11 |    23 |   116 |   302 |   130 ||   582

Table legend: (Time is in decaauts)
 A = Elapsed time spent in this place.
 B = Non-inter-level travel time spent in this place.
 C = Inter-level travel time spent in this place.
 D = Time resting spent in this place.
 E = Time spent auto-exploring this place.
 F = Levels seen in this place.
 G = Mean time per level.
                   A        B        C        D        E       F      G
               +--------+--------+--------+--------+--------+-----+--------+
         Total |  22391 |  21278 |   1113 |   1511 |  13412 |  28 |  799.7 |
       Dungeon |  11967 |  11304 |    663 |    629 |   7295 |  15 |  797.8 |
        Temple |    265 |    208 |     57 |      0 |    196 |   1 |  265.0 |
          Lair |   6275 |   6001 |    274 |    397 |   3936 |   5 | 1255.0 |
   Spider Nest |   1851 |   1818 |     33 |    284 |   1042 |   2 |  925.5 |
  Orcish Mines |   1739 |   1655 |     84 |    199 |    942 |   2 |  869.5 |
         Abyss |    174 |    174 |      0 |      0 |      0 |   1 |  174.0 |
         Sewer |     98 |     98 |      0 |      0 |      0 |   1 |   98.0 |
         Arena |     20 |     20 |      0 |      0 |      0 |   1 |   20.0 |
               +--------+--------+--------+--------+--------+-----+--------+

Top non-repeatable levels by time:
Spider:1: 1656 daAuts
  Lair:5: 1585 daAuts
    D:14: 1555 daAuts
   Orc:2: 1352 daAuts
  Lair:1: 1287 daAuts
  Lair:2: 1286 daAuts
    D:15: 1109 daAuts
  Lair:3: 1078 daAuts
    D:10: 1076 daAuts
  Lair:4: 1037 daAuts
     D:9: 937 daAuts
    D:12: 934 daAuts
     D:8: 922 daAuts
     D:6: 780 daAuts
     D:4: 761 daAuts
